 Dungeon Crawl Stone Soup version 0.22-a0-469-gf26638a (webtiles) character file.

7984 Laiders72 the Thaumaturge (level 11, -1/79 (81) HPs)
             Began as a Gnoll Wizard on June 12, 2018.
             Was an Initiate of Ashenzari.
             Slain by Patate's ghost (32 damage)
             ... on level 10 of the Dungeon.
             The game lasted 00:43:18 (11921 turns).

Laiders72 the Thaumaturge (Gnoll Wizard)           Turns: 11921, Time: 00:43:19

HP:   -1/79 (81)    AC:  9    Str: 11    XL:     11   Next: 23%
MP:   11/24         EV: 16    Int: 23    God:    Ashenzari [......]
Gold: 478           SH:  0    Dex: 13    Spells: 17/28 levels left

rFire    + + .     SeeInvis .   g - +2 spear (venom) (curse)
rCold    . . .     Gourm    .   (no shield)
rNeg     . . .     Faith    .   e - +2 robe {rF+}
rPois    .         Spirit   .   b - +1 hat
rElec    .         Reflect  .   f - +0 cloak
rCorr    .         Harm     .   h - +0 pair of gloves
MR       +....                  G - +0 pair of boots
Stlth    ++++......             A - amulet of magic regeneration (curse)
HPRegen  0.23/turn              z - ring of protection from magic
MPRegen  0.44/turn              m - ring of protection from fire

@: no status effects
A: distributed training, fangs 1, strong nose
a: Curse Item, Renounce Religion


You were on level 10 of the Dungeon.
You worshipped Ashenzari.
Ashenzari was noncommittal.
You were not hungry.

You visited 2 branches of the dungeon, and saw 11 of its levels.

You collected 522 gold pieces.
You spent 44 gold pieces at shops.

Inventory:

Hand Weapons
 g - a cursed +2 spear of venom (weapon)
Missiles
 E - 2 throwing nets (quivered)
 O - 41 arrows
Armour
 b - a +1 hat (worn)
 e - a +2 robe of fire resistance (worn)
 f - a +0 cloak (worn)
 h - a +0 pair of gloves (worn)
 G - a +0 pair of boots (worn)
Jewellery
 m - a ring of protection from fire (right hand)
 z - a ring of protection from magic (left hand)
 A - a cursed amulet of magic regeneration (around neck)
 H - an uncursed ring of stealth
 I - an uncursed ring of see invisible
 M - a +2 ring of protection
Wands
 j - a wand of polymorph (5)
 p - a wand of paralysis (14)
 y - a wand of random effects (26)
Scrolls
 o - 2 scrolls of enchant armour
 r - 3 scrolls of fear
 t - 4 scrolls of teleportation
 x - 2 scrolls of amnesia
 B - a scroll of magic mapping
 D - 2 scrolls of identify
 F - a scroll of brand weapon {unknown}
 L - a scroll of summoning {unknown}
Potions
 a - 2 potions of lignification {unknown}
 c - 3 potions of flight
 i - 5 potions of curing
 k - a potion of invisibility {unknown}
 n - 3 potions of heal wounds {unknown}
 q - a potion of resistance {unknown}
 s - 3 potions of haste {unknown}
 u - 2 potions of agility {unknown}
 v - 2 potions of berserk rage {unknown}
 J - a potion of might {unknown}
 K - 2 potions of mutation {unknown}
Comestibles
 d - 18 rations
 l - 5 chunks of flesh


   Skills:
 + Level 6.0 Fighting
 + Level 6.0 Short Blades
 + Level 6.0 Long Blades
 + Level 6.0 Axes
 + Level 6.0 Maces & Flails
 + Level 6.0 Polearms
 + Level 6.0 Staves
 + Level 6.0 Slings
 + Level 6.0 Bows
 + Level 6.0 Crossbows
 + Level 6.0 Throwing
 + Level 6.0 Armour
 + Level 7.6 Dodging
 + Level 7.4 Stealth
 + Level 6.0 Shields
 + Level 6.0 Unarmed Combat
 + Level 9.4 Spellcasting
 + Level 5.4 Conjurations
 + Level 4.9 Hexes
 + Level 4.9 Charms
 + Level 5.4 Summonings
 + Level 4.9 Necromancy
 + Level 5.4 Translocations
 + Level 4.9 Transmutations
 + Level 4.9 Fire Magic
 + Level 4.9 Ice Magic
 + Level 4.9 Air Magic
 + Level 4.9 Earth Magic
 + Level 4.9 Poison Magic
 + Level 6.5 Invocations
 + Level 6.0 Evocations


You had 17 spell levels left.
You knew the following spells:

 Your Spells              Type           Power        Failure   Level  Hunger
a - Magic Dart            Conj           ####         1%          1    None
b - Blink                 Tloc           N/A          1%          2    None
c - Call Imp              Summ           #####...     1%          2    None
d - Conjure Flame         Conj/Fire      ####....     2%          3    None
e - Mephitic Cloud        Conj/Pois/Air  ####....     2%          3    None

Your spell library contained the following spells:

 Spells                   Type           Power        Failure   Level  Hunger
 Slow                     Hex            ####....     1%          2    None
 Iskenderun's Mystic Bla  Conj           #####...     6%          4    ##.....
 Fulminant Prism          Conj/Hex       ####......   7%          4    ##.....
 Dazzling Spray           Conj/Hex       ####..       2%          3    None
 Force Lance              Conj/Tloc      #####...     6%          4    ##.....
 Searing Ray              Conj           #####.       1%          2    None


Dungeon Overview and Level Annotations

Branches:
Dungeon (10/15)            Temple (1/1) D:4            Lair (0/6) D:9
    Orc: D:9-12

Altars:
Ashenzari
Cheibriados
Dithmenos
Elyvilon
Fedhas
Gozag
Hepliaklqana
Kikubaaqudgha
Makhleb
Nemelex Xobeh
Okawaru
Qazlal
Ru
Sif Muna
Trog
Uskayaw
Vehumet
Wu Jian
Xom
Yredelemnul
Zin
The Shining One

Shops:
D:4 [[*!?!

Annotations:
D:10 Patate's ghost, journeyman TrMo


Innate Abilities, Weirdness & Mutations

Your experience applies equally to all skills.
You have very sharp teeth.
Your uncanny sense of smell can sniff out nearby items.


Message History

Your white imp gestures at Patate's ghost.
The puff of frost hits Patate's ghost.
Patate's ghost resists.
Casting: Blink (safe; 1% risk of failure)
Confirm with . or Enter, or press ? or * to list all spells.
You blink.
Your white imp closely misses Patate's ghost.
Patate's ghost wails.
Your white imp hits Patate's ghost.
Your white imp freezes Patate's ghost.
Patate's ghost resists.
Your white imp gestures at Patate's ghost.
The puff of frost hits Patate's ghost.
Patate's ghost resists.
Your white imp gestures at Patate's ghost.
The puff of frost misses Patate's ghost.
A puff of frost appears from out of your range of vision.
The puff of frost misses Patate's ghost.
The orc hits something but does no damage.
There is a stone staircase leading up, spattered with blood here.
Items here: )))))) ÷ Patate's ghost hits you!!
You die...

..# #.....)..# *,,* *,,*
..# #........# *,,* *,,*
..# #........# *,,* *,,*
..# #...[)...# *,,* *,,*
..# #......).# *,,* *,,*
..# #....†..o# *∆,* *,,*
..# #......5.# *,,* *,,*
..#####.......)#########.,*
*,,*
...........(..oW@........,*
*,,*
#########################**
****


You could see Patate's ghost, an orc and a friendly white imp.

Vanquished Creatures
  4 two-headed ogres
  A troll (D:8)
  A hippogriff (D:9)
  A spriggan (D:8)
  A soldier ant (D:10)
  A water moccasin (D:7)
  4 orc warriors
  3 sky beasts
  An ice beast (D:5)
  A black bear (D:8)
  A necrophage (D:8)
  5 ogres
  A phantom (D:5)
  2 centaurs (D:9)
  A crocodile (D:9)
  6 bullfrogs
  A wyvern skeleton (D:6)
  3 scorpions
  A jelly (D:6)
  A bullfrog zombie (D:6)
  2 crimson imps (D:6)
  3 centaur zombies
  3 hounds
  2 orc priests
  4 orc wizards
  4 bullfrog skeletons
  2 centaur skeletons
  4 iguanas
  4 worker ants
  The ghost of 4thArraOfDagon the Chopper, a weakling HOMo of Qazlal (D:3)
  2 hound skeletons
  A worker ant zombie (D:5)
  4 gnolls (D:7)
  9 adders
  2 shadow imps
  An ooze (D:1)
  2 adder skeletons
  A worm (D:2)
  3 dart slugs
  4 leopard geckos
  31 orcs
  A ball python (D:1)
  5 bats
  2 giant cockroaches
  4 goblins
  17 hobgoblins
  17 jackals
  2 quokkas
  4 frilled lizards
  8 kobolds
  A leopard gecko skeleton (D:4)
  A quokka skeleton (D:6)
  5 rats
  7 plants (D:9)
203 creatures vanquished.

Vanquished Creatures (collateral kills)
  A two-headed ogre (D:8)
  A hippogriff (D:7)
  An ogre (D:5)
  A jelly (D:5)
  An iguana (D:5)
  2 orcs
7 creatures vanquished.

Vanquished Creatures (others)
  4 toadstools (D:1)
4 creatures vanquished.

Grand Total: 214 creatures vanquished

Notes
Turn   | Place    | Note
-------+----------+-------------------------------------------
     0 | D:1      | Laiders72 the Gnoll Wizard began the quest for the Orb.
     0 | D:1      | Reached XP level 1. HP: 13/13 MP: 8/8
   181 | D:1      | Reached XP level 2. HP: 19/19 MP: 5/10
   223 | D:1      | Learned a level 2 spell: Blink
   226 | D:1      | Learned a level 2 spell: Call Imp
   704 | D:1      | Reached XP level 3. HP: 25/25 MP: 9/11
   911 | D:1      | Learned a level 3 spell: Conjure Flame
   915 | D:1      | Learned a level 3 spell: Mephitic Cloud
  1219 | D:2      | Reached skill level 1 in Invocations
  1369 | D:2      | Found a white marble altar of Elyvilon.
  1374 | D:2      | Reached skill level 1 in Fighting
  1374 | D:2      | Reached skill level 1 in Short Blades
  1374 | D:2      | Reached skill level 1 in Long Blades
  1374 | D:2      | Reached skill level 1 in Axes
  1374 | D:2      | Reached skill level 1 in Maces & Flails
  1374 | D:2      | Reached skill level 1 in Polearms
  1374 | D:2      | Reached skill level 1 in Staves
  1374 | D:2      | Reached skill level 1 in Slings
  1374 | D:2      | Reached skill level 1 in Bows
  1374 | D:2      | Reached skill level 1 in Crossbows
  1374 | D:2      | Reached skill level 1 in Throwing
  1374 | D:2      | Reached skill level 1 in Armour
  1374 | D:2      | Reached skill level 1 in Shields
  1374 | D:2      | Reached skill level 1 in Unarmed Combat
  1374 | D:2      | Reached skill level 1 in Evocations
  1413 | D:2      | Reached XP level 4. HP: 30/32 MP: 5/13
  1659 | D:3      | Found a faded altar of an unknown god.
  2025 | D:3      | Noticed 4thArraOfDagon's ghost (weakling HOMo)
  2043 | D:3      | Reached skill level 1 in Hexes
  2043 | D:3      | Reached skill level 1 in Charms
  2043 | D:3      | Reached skill level 1 in Necromancy
  2043 | D:3      | Reached skill level 1 in Transmutations
  2043 | D:3      | Reached skill level 1 in Fire Magic
  2043 | D:3      | Reached skill level 1 in Ice Magic
  2043 | D:3      | Reached skill level 1 in Air Magic
  2043 | D:3      | Reached skill level 1 in Earth Magic
  2043 | D:3      | Reached skill level 1 in Poison Magic
  2054 | D:3      | Killed 4thArraOfDagon's ghost
  2233 | D:3      | Reached XP level 5. HP: 33/37 MP: 14/14
  2352 | D:3      | Found a shimmering altar of Xom.
  3141 | D:4      | Noticed an ogre
  3172 | D:4      | Found Asicecle's Magic Scroll Emporium.
  3204 | D:4      | Bought 2 scrolls of identify for 44 gold pieces
  3252 | D:4      | Noticed an ogre
  3266 | D:4      | Killed an ogre
  3266 | D:4      | Reached XP level 6. HP: 44/44 MP: 13/16
  3284 | D:4      | Found a staircase to the Ecumenical Temple.
  3286 | D:4      | Found Keunynlo's Armour Shoppe.
  3310 | Temple   | Entered the Ecumenical Temple
  3562 | D:4      | Found Bimenuann's Distillery.
  3607 | D:4      | Reached skill level 5 in Dodging
  3816 | D:4      | Found Tuenuu's Distillery.
  3964 | D:4      | Found an ornate altar of the Wu Jian Council.
  3980 | D:4      | Found Sucleclu's Armour Emporium.
  3997 | D:4      | Reached XP level 7. HP: 39/50 MP: 18/18
  4343 | D:4      | Found Cirahipo's Elemental Accessories.
  4437 | D:5      | Entered Level 5 of the Dungeon
  4606 | D:5      | Reached skill level 5 in Stealth
  4750 | D:5      | Reached XP level 8. HP: 57/57 MP: 16/19
  5374 | D:5      | Found an opulent altar of Gozag.
  6072 | D:6      | Found a bloodstained altar of Trog.
  6159 | D:6      | Reached skill level 8 in Spellcasting
  6855 | D:6      | Found a snail-covered altar of Cheibriados.
  7204 | D:7      | Reached XP level 9. HP: 63/65 MP: 21/21
  7605 | D:7      | Found the +5 scythe "Finisher" {speed, Str+3}
  8229 | D:8      | Noticed a troll
  8798 | D:8      | Killed a troll
  9041 | D:8      | Reached skill level 5 in Invocations
  9299 | D:8      | Found a burning altar of Makhleb.
  9305 | D:8      | Reached XP level 10. HP: 73/73 MP: 17/22
  9657 | D:8      | Noticed a two-headed ogre
  9735 | D:8      | Killed a two-headed ogre
  9735 | D:8      | Reached skill level 5 in Fighting
  9735 | D:8      | Reached skill level 5 in Short Blades
  9735 | D:8      | Reached skill level 5 in Long Blades
  9735 | D:8      | Reached skill level 5 in Axes
  9735 | D:8      | Reached skill level 5 in Maces & Flails
  9735 | D:8      | Reached skill level 5 in Polearms
  9735 | D:8      | Reached skill level 5 in Staves
  9735 | D:8      | Reached skill level 5 in Slings
  9735 | D:8      | Reached skill level 5 in Bows
  9735 | D:8      | Reached skill level 5 in Crossbows
  9735 | D:8      | Reached skill level 5 in Throwing
  9735 | D:8      | Reached skill level 5 in Armour
  9735 | D:8      | Reached skill level 5 in Shields
  9735 | D:8      | Reached skill level 5 in Unarmed Combat
  9735 | D:8      | Reached skill level 5 in Evocations
  9821 | D:8      | Found an ancient bone altar of Kikubaaqudgha.
  9847 | D:8      | Noticed a two-headed ogre
  9878 | D:8      | Killed a two-headed ogre
  9964 | D:9      | Reached skill level 9 in Spellcasting
 10209 | D:9      | Noticed a two-headed ogre
 10236 | D:9      | Killed a two-headed ogre
 10236 | D:9      | Reached skill level 5 in Conjurations
 10236 | D:9      | Reached skill level 5 in Summonings
 10236 | D:9      | Reached skill level 5 in Translocations
 10664 | D:9      | Found a shattered altar of Ashenzari.
 10674 | D:9      | Became a worshipper of Ashenzari the Shackled
 10703 | D:9      | Noticed a two-headed ogre
 10724 | D:9      | Killed a two-headed ogre
 10724 | D:9      | Reached XP level 11. HP: 64/79 MP: 12/24
 11097 | D:9      | Noticed a two-headed ogre
 11128 | D:9      | Killed a two-headed ogre
 11278 | D:9      | Found a staircase to the Lair.
 11520 | D:10     | Entered Level 10 of the Dungeon
 11838 | D:10     | Noticed Patate's ghost (journeyman TrMo)
 11921 | D:10     | Slain by Patate's ghost

Vault maps used:
D:1:      ldierk_walled_garden_2, roderic_serpentine_path
D:2:      overflow_temple_1_default, kennysheep_generic_room_3
D:3:      xom_butterflies, chequers_ecumenical_altar_island
D:4:      kennysheep_mini_moat, minmay_temple_entry_glass, serial_shops, shop,
          shop, shop, nicolae_shop_trees, shop, first_ration, serial_glass,
          glass_columns_c, glass_columns_a, glass_columns_c, glass_columns_b,
          glass_columns_a, glass_columns_c, glass_columns_c, glass_columns_b,
          glass_columns_b, glass_columns_c, nicolae_elemental_shop
D:5:      nicolae_gozag_seed_capital, serial_bayou_pond_d,
          hangedman_decor_opposing
D:6:      marbit_many_paths, bloody_trog
D:8:      kiku_gazebo_pond_becter, the_bakery, makhleb_blood_cavern_becter
D:9:      lemuel_crystal_altar, david_lair_shrubbed
D:10:     cheibrodos_orc_bank, hex_tiny, uniq_harold, uniq_psyche, uniq_joseph
Temple:   regret_index_temple_generic_petals

Skill      XL: |  1  2  3  4  5  6  7  8  9 10 11 |
---------------+----------------------------------+-----
Conjurations   | 2 3 4 5 |  5.4
Summonings     | 2 3 4 5 |  5.4
Translocations | 2 3 4 5 |  5.4
Invocations    | 1 2 3 4 5 6 |  6.5
Fighting       | 1 2 3 4 5 6 |  6.0
Short Blades   | 1 2 3 4 5 6 |  6.0
Long Blades    | 1 2 3 4 5 6 |  6.0
Axes           | 1 2 3 4 5 6 |  6.0
Maces & Flails | 1 2 3 4 5 6 |  6.0
Polearms       | 1 2 3 4 5 6 |  6.0
Staves         | 1 2 3 4 5 6 |  6.0
Slings         | 1 2 3 4 5 6 |  6.0
Bows           | 1 2 3 4 5 6 |  6.0
Crossbows      | 1 2 3 4 5 6 |  6.0
Throwing       | 1 2 3 4 5 6 |  6.0
Armour         | 1 2 3 4 5 6 |  6.0
Shields        | 1 2 3 4 5 6 |  6.0
Unarmed Combat | 1 2 3 4 5 6 |  6.0
Evocations     | 1 2 3 4 5 6 |  6.0
Hexes          | 1 2 3 4 |  4.9
Charms         | 1 2 3 4 |  4.9
Necromancy     | 1 2 3 4 |  4.9
Transmutations | 1 2 3 4 |  4.9
Fire Magic     | 1 2 3 4 |  4.9
Ice Magic      | 1 2 3 4 |  4.9
Air Magic      | 1 2 3 4 |  4.9
Earth Magic    | 1 2 3 4 |  4.9
Poison Magic   | 1 2 3 4 |  4.9
Dodging        | 5 6 7 |  7.6
Stealth        | 5 6 7 |  7.4
Spellcasting   | 8 9 |  9.4

Action                   |  1- 3 |  4- 6 |  7- 9 | 10-12 || total
-------------------------+-------+-------+-------+-------++-------
Melee: Spear             |     7 |    97 |   325 |   348 ||   777
       Bite              |       |     9 |    28 |    49 ||    86
       Punch             |       |       |     4 |    16 ||    20
 Cast: Magic Dart        |    71 |    93 |   184 |   111 ||   459
       Conjure Flame     |     1 |     3 |    12 |    11 ||    27
       Call Imp          |       |     3 |    16 |     9 ||    28
       Blink             |       |       |     6 |    17 ||    23
       Mephitic Cloud    |       |       |     1 |     2 ||     3
Invok: Curse Item        |       |       |       |     2 ||     2
Evoke: Wand              |       |       |     4 |       ||     4
  Use: Scroll            |       |     4 |     2 |     8 ||    14
 Stab: Sleeping          |       |     2 |     4 |     4 ||    10
       Paralysed         |       |       |     3 |       ||     3
  Eat: Chunk             |     1 |     6 |    16 |     5 ||    28
       Ration            |       |     1 |       |     1 ||     2
Armor: Robe              |     4 |    21 |    80 |    36 ||   141
Dodge: Dodged            |     2 |    84 |   229 |    98 ||   413

Table legend:
 A = Spawn XP
 B = Non-spawn XP
 C = Spawn XP percentage of total XP
 D = Spawn monster count
 E = Non-spawn monster count
 F = Spawn count percentage of total count
 G = Total turns spent on level
                    A         B        C        D         E        F      G
               +---------+---------+-------+---------+---------+-------+---------
         Total |       0 |   11406 |   0.0 |       0 |     203 |   0.0 | 11921
               +---------+---------+-------+---------+---------+-------+---------
           D:1 |       0 |      43 |   0.0 |       0 |      21 |   0.0 |   943
           D:2 |       0 |      54 |   0.0 |       0 |      14 |   0.0 |   889
           D:3 |       0 |     116 |   0.0 |       0 |      29 |   0.0 |  1338
           D:4 |       0 |     642 |   0.0 |       0 |      21 |   0.0 |  1033
           D:5 |       0 |     823 |   0.0 |       0 |      18 |   0.0 |  1256
           D:6 |       0 |     623 |   0.0 |       0 |      20 |   0.0 |  1375
           D:7 |       0 |     853 |   0.0 |       0 |      21 |   0.0 |  1601
           D:8 |       0 |    3511 |   0.0 |       0 |      24 |   0.0 |  1278
           D:9 |       0 |    4045 |   0.0 |       0 |      18 |   0.0 |  1601
          D:10 |       0 |     696 |   0.0 |       0 |      17 |   0.0 |   373
               +---------+---------+-------+---------+---------+-------+---------
